 Dungeon Crawl Stone Soup version 0.28.0-53-g5a82cb258f (webtiles) character file.

Game seed: 14174529976374305116

20498 issech the Protected (level 12, -2/95 HPs)
             Began as a Minotaur Monk on June 13, 2022.
             Was a High Priest of Hepliaklqana.
             Slain by a small abomination (10 damage)
             ... on level 9 of the Dungeon on June 14, 2022.
             The game lasted 01:03:08 (19540 turns).

issech the Protected (Minotaur Monk)               Turns: 19540, Time: 01:03:09

Health: -2/95      AC: 21    Str: 18    XL:     12   Next: 45%
Magic:  11/11      EV: 13    Int:  7    God:    Hepliaklqana [*****.]
Gold:   1091       SH:  5    Dex: 16    Spells: 11/11 levels left

rFire   . . .      SeeInvis .   F - +1 halberd (venom)
rCold   . . .      Faith    .   (shield currently unavailable)
rNeg    . . .      Spirit   .   Z - +0 plate armour
rPois   +          Reflect  +   (helmet restricted)
rElec   .          Harm     .   l - +0 cloak
rCorr   .          Rampage  .   o - +1 pair of gloves
Will    .....                   h - +0 pair of boots
Stlth   ..........              r - amulet of reflection
HPRegen 0.00/turn               j - ring of poison resistance
MPRegen 0.12/turn               K - +4 ring of evasion

@: sick
A: reduced essence, horns 2, retaliatory headbutt
a: Renounce Religion, Recall Ancestor, Ancestor Identity, Transference, Idealise


You were on level 9 of the Dungeon.
You worshipped Hepliaklqana.
Hepliaklqana was extremely pleased with you.
You visited 2 branches of the dungeon, and saw 13 of its levels.

You collected 1091 gold pieces.

Inventory:

Hand Weapons
 g - a +2 vorpal scimitar
 k - a +3 shortbow of freezing
 m - a +4 trident
 F - a +1 halberd of venom (weapon)
 G - a +1 long sword of electrocution
 H - a +3 whip of draining
 L - a +0 spear of venom
 T - a +0 demon trident
 X - a +3 hand axe
 Y - a +4 vorpal spear
Missiles
 b - 5 javelins
 c - 422 arrows
 d - 96 sling bullets
 f - 473 stones
 s - 17 poisoned darts
 z - 152 bolts
 E - a boomerang (quivered)
 Q - 4 boomerangs of dispersal
Armour
 h - a +0 pair of boots (worn)
 l - a +0 cloak (worn)
 o - a +1 pair of gloves (worn)
 U - the +0 leather armour of Indomitability {rPois SInv}
   (You found it on level 8 of the Dungeon)

   rPois:     It protects you from poison.
   SInv:      It lets you see invisible.
 Z - a +0 plate armour (worn)
Jewellery
 j - a ring of poison resistance (left hand)
 r - an amulet of reflection (around neck)
 v - a ring of wizardry
 K - a +4 ring of evasion (right hand)
 O - a ring of wizardry
 S - the ring "Zanisuo" {Fly rF++ rC+++ Int-5 Dex-3}
   (You found it on level 8 of the Dungeon)

   [ring of flight]

   Int:       It affects your intelligence (-5).
   Dex:       It affects your dexterity (-3).
   rF:        It greatly protects you from fire.
   rC:        It renders you almost immune to cold.
   Fly:       It grants you flight.
Wands
 B - a wand of charming (2)
 R - a wand of paralysis (8)
 V - a wand of acid (7)
Scrolls
 p - 3 scrolls of fog
 q - 2 scrolls of enchant armour
 y - 5 scrolls of teleportation
 A - a scroll of silence
 I - a scroll of holy word
 N - a scroll of amnesia
 W - 2 scrolls of blinking
Potions
 a - a potion of brilliance
 e - a potion of lignification
 i - 6 potions of heal wounds
 n - a potion of degeneration
 t - 8 potions of curing
 w - 5 potions of ambrosia
 x - a potion of mutation
 C - a potion of attraction
 D - a potion of haste
 J - 2 potions of might {unknown}
 M - 3 potions of flight {unknown}
 P - a potion of resistance {unknown}
Miscellaneous
 u - a box of beasts


   Skills:
 + Level 10.2 Fighting
 + Level 8.1 Long Blades
 + Level 7.0(9.3) Axes
 + Level 9.0(10.1) Maces & Flails
 + Level 2.5(5.1) Polearms
 + Level 9.2 Bows
 + Level 2.0 Throwing
 + Level 12.4 Armour
 + Level 6.5 Dodging
 + Level 3.3 Stealth
 + Level 5.2 Shields


You had 11 spell levels left.
You didn't know any spells.
Your spell library contained the following spells:

 Spells                   Type           Power      Damage    Failure   Level
 Animate Skeleton         Necr           0%         N/A       100%        1
 Foxfire                  Conj/Fire      0%         2x1d4     100%        1
 Magic Dart               Conj           0%         1d3       100%        1
 Pain                     Necr           0%         1d4       100%        1
 Summon Small Mammal      Summ           0%         N/A       100%        1
 Searing Ray              Conj           0%         2d4       100%        2
 Static Discharge         Conj/Air       0%         N/A       100%        2
 Call Canine Familiar     Summ           0%         N/A       100%        3
 Confusing Touch          Hex            0%         N/A       100%        3
 Conjure Flame            Conj/Fire      0%         6-21      100%        3
 Frozen Ramparts          Ice            0%         1d2       100%        3
 Gell's Gravitas          Tloc           0%         N/A       100%        3
 Inner Flame              Hex/Fire       0%         N/A       100%        3
 Lesser Beckoning         Tloc           0%         N/A       100%        3
 Portal Projectile        Hex/Tloc       0%         N/A       100%        3
 Summon Guardian Golem    Hex/Summ       0%         N/A       100%        3
 Teleport Other           Tloc           0%         N/A       100%        3
 Vampiric Draining        Necr           0%         2d6       100%        3
 Flame Wave               Conj/Fire      0%         2d4       100%        4
 Fulminant Prism          Conj/Hex       0%         3d6       100%        4
 Ice Form                 Ice/Tmut       0%         N/A       100%        4
 Summon Ice Beast         Ice/Summ       0%         N/A       100%        4
 Blade Hands              Tmut           0%         N/A       100%        5
 Excruciating Wounds      Necr           0%         N/A       100%        5
 Fireball                 Conj/Fire      0%         3d3       100%        5
 Lightning Bolt           Conj/Air       0%         1d11      100%        5
 Yara's Violent Unravell  Hex/Tmut       0%         3d3       100%        5
 Starburst                Conj/Fire      0%         6d3       100%        6
 Enfeeble                 Hex            0%         N/A       100%        7
 Ignition                 Fire           0%         3d3       100%        8
 Maxwell's Capacitive Co  Air            0%         ∞         100%        8


Dungeon Overview and Level Annotations

Branches:
Dungeon (12/15)            Temple (1/1) D:5            Lair (0/6) D:9
    Orc (0/2) D:11

Altars:
Ashenzari
Cheibriados
Dithmenos
Elyvilon
Fedhas
Gozag
Hepliaklqana
Kikubaaqudgha
Makhleb
Nemelex Xobeh
Okawaru
Qazlal
Ru
Sif Muna
Trog
Uskayaw
Vehumet
Wu Jian
Xom
Yredelemnul
Zin
The Shining One
Lugonu

Portals:
Trove: D:11 (give 17 potions of curing)

Annotations:
D:9 1 transporter
D:12 3 runed translucent doors


Innate Abilities, Weirdness & Mutations

Your life essence is reduced to manifest your ancestor. (-10% HP)
You have a pair of horns on your head.
You reflexively headbutt those who attack you in melee.


Message History

The red ugly thing is severely wounded.
You block the small abomination's attack.
The red ugly thing pecks you but does no damage.
You feel ill.
The purple ugly thing bites you but does no damage.
The red ugly thing tail-slaps you but does no damage.
The small abomination hits you but does no damage.
The small abomination barely misses you.
You slash the red ugly thing!
The red ugly thing looks as sick as possible!
The red ugly thing is almost dead.
The red ugly thing pecks you but does no damage.
The purple ugly thing basks in the mutagenic energy from its kin and changes!
You feel ill. The red ugly thing barely misses you.
The small abomination hits you!
* * * LOW HITPOINT WARNING * * *
The small abomination closely misses you.
You closely miss the red ugly thing.
The red ugly thing is almost dead.
The red ugly thing pecks you but does no damage.
The red ugly thing basks in the mutagenic energy from its kin and changes!
The small abomination hits you but does no damage.
You block the small abomination's attack.
The red ugly thing pecks you but does no damage.
You barely miss the red ugly thing.
The red ugly thing is almost dead.
The small abomination hits you but does no damage.
The red ugly thing tentacle-slaps you!
* * * LOW HITPOINT WARNING * * *
You are engulfed in flames!
* * * LOW HITPOINT WARNING * * *
The red ugly thing basks in the mutagenic energy from its kin and changes!
The small abomination closely misses you.
You furiously retaliate!
You headbutt the small abomination.
The small abomination barely misses you.
You puncture the green ugly thing!
You kill the green ugly thing!
The red ugly thing basks in the mutagenic energy from its kin and changes!
The green ugly thing barely misses you. The small abomination hits you!
You die...

##.....##########................
.'...............................
##.....########.....#####.###....
#.....# ##.=##...##..##.# #....
####### #...##...###$.#.# #....
#.#..##©##..#!#.# #.... #
#...###...# #.# ##.##
##...x...####.# #.# ##.@xx.##
#..####'## #xuu..# #.###.....
##.....## #.###..... #######
##.......###..##..... ......#
###...###...###.##.....
......#####©...##©##..#.#.##.....
.........##:.###...###..#.##.....
.........###..##...##..##.####'##
.........'.# #.....# #..###.##


You could see 2 ugly things, an ancient zyme and 3 small abominations.

Vanquished Creatures
  2 boulder beetles (D:12)
  A centaur warrior (D:12)
  2 two-headed ogres
  A deep elf pyromancer (D:12)
  2 ugly things
  A queen bee (D:10)
  A troll (D:12)
  A hornet (D:9)
  Sigmund (D:2)
  10 yaks
  2 wyverns
  5 vampire mosquitoes
  An acid dragon (D:12)
  A steam dragon (D:6)
  2 water moccasins (D:9)
  4 orc warriors
  An ice beast (D:5)
  2 black bears
  2 ogres
  The ghost of SpoonFarmer the Skirmisher, an amateur HuMo (D:3)
  10 centaurs
  A kobold brigand (D:11)
  3 phantoms (D:4)
  A gnoll sergeant (D:11)
  3 bullfrogs (D:9)
  4 scorpions
  A water moccasin zombie (D:4)
  A water moccasin skeleton (D:5)
  18 killer bees
  3 vampire bats (D:12)
  4 howler monkeys
  2 centaur zombies
  2 electric eels (D:7)
  A hound (D:5)
  A bullfrog zombie (D:5)
  9 orc priests
  2 jellies
  A bullfrog skeleton (D:5)
  2 scorpion zombies (D:4)
  3 iguanas
  7 orc wizards
  A hound skeleton (D:4)
  Robin (D:4)
  A howler monkey zombie (D:9)
  10 gnolls
  5 adders
  3 ufetubi
  7 adder zombies (D:4)
  An adder skeleton (D:4)
  2 worms
  2 dart slugs (D:3)
  31 orcs
  2 bat skeletons (D:12)
  2 bat zombies (D:12)
  4 endoplasms
  4 giant cockroaches
  13 goblins
  9 hobgoblins
  4 kobolds
  6 quokkas
  4 ball pythons
  A bat (D:1)
  3 frilled lizards
  5 rats (D:2)
243 creatures vanquished.

Vanquished Creatures (collateral kills)
  2 two-headed ogres
  A cyclops (D:12)
  4 centaur zombies
  An unseen horror (D:12)
  A meliai zombie (D:11)
  2 wraiths
  A wyvern (D:11)
  8 yaks
  Grum (D:9)
  4 vampire mosquitoes (D:10)
  Menkaure (D:6)
  An acid dragon (D:12)
  3 water moccasins
  2 sky beasts
  2 orc warriors (D:11)
  An ice beast (D:6)
  3 centaurs
  2 wolves (D:9)
  An ogre (D:7)
  2 bullfrogs
  A small abomination (D:9)
  A gnoll sergeant (D:8)
  A scorpion (D:5)
  12 killer bees
  5 electric eels (D:7)
  A howler monkey (D:9)
  2 orc priests
  A bullfrog skeleton (D:7)
  11 orc wizards
  A killer bee zombie (D:8)
  3 gnolls
  A shadow imp (D:6)
  12 orcs
  A bat skeleton (D:12)
  A bat zombie (D:12)
  A kobold (D:11)
98 creatures vanquished.

Vanquished Creatures (others)
  12 battlemagi
  An orc wizard (D:11)
  43 fungi (D:9)
  73 plants
  3 withered plants (D:4)
132 creatures vanquished.

Grand Total: 473 creatures vanquished

Notes
Turn   | Place    | Note
-------+----------+-------------------------------------------
     0 | D:1      | issech the Minotaur Monk began the quest for the Orb.
     0 | D:1      | Reached XP level 1. HP: 19/19 MP: 0/0
   375 | D:1      | Reached XP level 2. HP: 26/27 MP: 1/1
   725 | D:2      | Noticed Sigmund
   915 | D:2      | Killed Sigmund
   916 | D:2      | Reached skill level 5 in Axes
   916 | D:2      | Reached skill level 1 in Armour
   916 | D:2      | Reached XP level 3. HP: 10/34 MP: 2/2
   916 | D:2      | Reached XP level 4. HP: 13/41 MP: 3/3
   916 | D:2      | Reached XP level 5. HP: 14/47 MP: 4/4
  1422 | D:2      | Found a faded altar of an unknown god.
  2098 | D:3      | Noticed a black bear
  2100 | D:3      | Noticed SpoonFarmer's ghost (amateur HuMo)
  2106 | D:3      | Found a runed translucent gate.
  2106 | D:3      | Found a runed translucent gate.
  2106 | D:3      | Found a runed translucent gate.
  2274 | D:3      | Reached skill level 1 in Polearms
  2760 | D:4      | Noticed a centaur
  3192 | D:4      | Reached XP level 6. HP: 47/55 MP: 5/5
  3258 | D:4      | Reached skill level 5 in Fighting
  3258 | D:4      | Reached skill level 1 in Maces & Flails
  3258 | D:4      | Reached skill level 2 in Armour
  3556 | D:4      | Reached skill level 5 in Dodging
  3925 | D:4      | Noticed Robin
  3964 | D:4      | Killed Robin
  3984 | D:4      | Reached skill level 3 in Armour
  3984 | D:4      | Reached XP level 7. HP: 14/61 MP: 6/6
  4988 | D:4      | Reached skill level 4 in Armour
  5233 | D:3      | Killed SpoonFarmer's ghost
  5234 | D:3      | Reached skill level 5 in Maces & Flails
  5242 | D:3      | Reached skill level 5 in Armour
  5484 | D:5      | Entered Level 5 of the Dungeon
  5505 | D:5      | Reached XP level 8. HP: 26/69 MP: 7/7
  6068 | D:5      | Reached skill level 6 in Armour
  6364 | D:5      | Found a staircase to the Ecumenical Temple.
  6389 | Temple   | Entered the Ecumenical Temple
  6447 | Temple   | Became a worshipper of Hepliaklqana the Forgotten
  6447 | Temple   | Reached * piety under Hepliaklqana
  6447 | Temple   | Reached ** piety under Hepliaklqana
  6448 | Temple   | Remembered your ancestor Tlalli as a battlemage
  7246 | D:6      | Noticed Menkaure
  7251 | D:6      | Killed Menkaure
  7471 | D:6      | Reached XP level 9. HP: 57/70 MP: 8/8
  7791 | D:6      | Reached skill level 1 in Shields
  7931 | D:6      | Reached skill level 7 in Armour
  8163 | D:6      | Reached skill level 1 in Long Blades
  8559 | D:7      | Reached *** piety under Hepliaklqana
  9363 | D:7      | Reached skill level 8 in Armour
  9872 | D:8      | Reached XP level 10. HP: 31/77 MP: 9/9
  9875 | D:8      | Reached skill level 5 in Long Blades
 10291 | D:8      | Identified the ring "Zanisuo" {Fly rF++ rC+++ Int-5 Dex-3}
 10359 | D:8      | Identified the +0 leather armour of Indomitability {rPois
                  | SInv}
 10502 | D:8      | Reached **** piety under Hepliaklqana
 10607 | D:8      | Reached skill level 9 in Armour
 10640 | D:8      | Reached skill level 1 in Throwing
 11596 | D:9      | Found a transporter.
 11610 | D:9      | Found a transporter.
 11610 | D:9      | Noticed a purple ugly thing
 11610 | D:9      | Noticed a purple ugly thing
 11611 | D:9      | Found a corrupted altar of Lugonu.
 11639 | D:9      | Reached skill level 10 in Armour
 11907 | D:9      | Found a staircase to the Lair.
 12009 | D:9      | Noticed Grum
 12016 | D:9      | Reached XP level 11. HP: 84/84 MP: 10/10
 12022 | D:9      | Killed Grum
 12130 | D:9      | Noticed a red ugly thing
 12501 | D:10     | Entered Level 10 of the Dungeon
 12562 | D:10     | Reached skill level 1 in Bows
 12802 | D:10     | Found a glowing golden altar of the Shining One.
 12848 | D:10     | Reached skill level 11 in Armour
 13980 | D:11     | Noticed a two-headed ogre
 15121 | D:11     | Reached skill level 5 in Bows
 15654 | D:11     | Found a staircase to the Orcish Mines.
 15978 | D:11     | Found a portal to a secret trove of treasure.
 16407 | D:11     | Reached ***** piety under Hepliaklqana
 16418 | D:11     | Noticed a two-headed ogre
 16426 | D:11     | Killed a two-headed ogre
 16435 | D:11     | Noticed a two-headed ogre
 16459 | D:11     | Killed a two-headed ogre
 16732 | D:12     | Noticed a centaur warrior
 16734 | D:12     | Noticed a cyan ugly thing
 16759 | D:12     | Killed a cyan ugly thing
 16771 | D:12     | Killed a centaur warrior
 16772 | D:12     | Reached skill level 5 in Shields
 16772 | D:12     | Reached XP level 12. HP: 34/94 MP: 11/11
 17300 | D:12     | Found an ancient bone altar of Kikubaaqudgha.
 17525 | D:12     | Noticed a two-headed ogre
 17536 | D:12     | Killed a two-headed ogre
 17601 | D:12     | Noticed a boulder beetle
 17909 | D:12     | Noticed a boulder beetle
 17922 | D:12     | Killed a boulder beetle
 17923 | D:12     | Reached skill level 10 in Fighting
 18036 | D:12     | Noticed a two-headed ogre
 18044 | D:12     | Killed a two-headed ogre
 18070 | D:12     | Killed a boulder beetle
 18071 | D:12     | Reached skill level 12 in Armour
 18872 | D:12     | Noticed a boulder beetle
 18874 | D:12     | Found a runed translucent door.
 18876 | D:12     | Found a runed translucent door.
 18878 | D:12     | Found a runed translucent door.
 18891 | D:12     | Noticed a six-headed hydra
 18896 | D:12     | Noticed a great orb of eyes
 19540 | D:9      | Slain by a small abomination

Illustrated notes

Levels and vault maps discovered:
D:1:      sevenhm_arrival_forest_fort_large_2, layout_basic, minmay_tetromino_o2
D:2:      minmay_spotlight, layout_rooms, shapermc_ecumenical_altar_mp_vishouse,
          kennysheep_big_empty_room, uniq_sigmund
D:3:      layout_basic, gammafunk_ghost_split
D:4:      minmay_wonky_spiral, layout_basic, serial_undead, serial_undead_f,
          serial_undead_f, serial_undead_f, serial_undead_c, uniq_robin
D:5:      layout_basic, minmay_temple_entry_slanted
D:6:      layout_loops_ring, uniq_menkaure
D:7:      layout_cave_pools, serial_bayou, serial_bayou_lake_a,
          serial_bayou_ford_a, serial_bayou_pond_e, serial_bayou_lagoon_b,
          serial_bayou_lagoon_a
D:8:      layout_basic, nrook_mini_vaults, nicolae_elevator_lobby_asterisk
D:9:      gammafunk_corrupted_shrine, layout_basic, due_lair_maze_entry_diamond,
          chequers_serial_rivers_micro_a, moated_statue, uniq_grum
D:10:     layout_roguey [special_room_bee], mainiacjoe_overflow_brackets
D:11:     layout_basic, david_orc_4, enter_trove_6
D:12:     minmay_the_grid_triangle_9x9_line_8_mashed
          [minmay_the_grid_triangle_9x9_skeleton,
          minmay_the_grid_triangle_9x9_wacky_v,
          minmay_the_grid_triangle_9x9_odd_lines,
          minmay_the_grid_triangle_9x9_fully_insulated_deathbox,
          minmay_the_grid_triangle_9x9_zippers_horizontal,
          minmay_the_grid_triangle_9x9_limited_checkers,
          minmay_the_grid_triangle_9x9_empty,
          minmay_the_grid_triangle_9x9_prize_schism], layout_irregular_city,
          kennysheep_vampire_church
Temple:   mainiacjoe_temple_circle_huts

Skill      XL: |  1  2  3  4  5  6  7  8  9 10 11 12 |
---------------+-------------------------------------+-----
Fighting       | 4 5 6 7 8 9 10 | 10.2
Axes           | 5 6 7 |  7.0
Armour         | 1 3 5 6 8 10 11 12 | 12.4
Dodging        | 4 5 6 |  6.5
Stealth        | 2 3 |  3.3
Polearms       | 1 2 |  2.5
Maces & Flails | 3 5 7 9 |  9.0
Shields        | 2 4 5 |  5.2
Long Blades    | 4 7 8 |  8.1
Throwing       | 1 2 |  2.0
Bows           | 7 9 |  9.2

Action                   |  1- 3 |  4- 6 |  7- 9 | 10-12 || total
-------------------------+-------+-------+-------+-------++-------
Melee: Hand axe          |    38 |       |       |   111 ||   149
       Headbutt          |     7 |    24 |    47 |    59 ||   137
       Scythe            |       |    43 |       |       ||    43
       Morningstar       |       |    95 |    22 |       ||   117
       Whip              |       |       |    45 |       ||    45
       Great mace        |       |       |   113 |       ||   113
       Punch             |       |       |     4 |     1 ||     5
       Long sword        |       |       |    62 |   117 ||   179
       Halberd           |       |       |       |    44 ||    44
       Shortbow          |       |       |       |     1 ||     1
 Fire: Shortbow          |       |       |       |   286 ||   286
Throw: Stone             |       |       |    10 |       ||    10
       Boomerang         |       |       |       |    17 ||    17
Invok: Ancestor Life: Ba |       |       |     1 |       ||     1
  Use: Scroll            |       |       |     7 |    10 ||    17
       Potion            |       |       |       |     4 ||     4
 Stab: Distracted        |       |       |     1 |     4 ||     5
Armor: Robe              |     1 |       |       |       ||     1
       Scale mail        |     5 |    67 |    96 |       ||   168
       Chain mail        |       |       |    39 |    92 ||   131
       Plate armour      |       |       |       |   268 ||   268
Dodge: Dodged            |    22 |   110 |   202 |   387 ||   721
Block: Other             |       |       |    32 |   132 ||   164
       Reflection        |       |       |       |    10 ||    10
